AoeStats
← Noobieski

Fortress

510561937Analyzed
1v1 RM · 23h ago on Oct 1, 2026· 56m 9s· 2 players
Game mode
Random Map
Map size
Small (3 player)
Population
200
Speed
Normal
Resources
Standard
Victory
Conquest
Starting age
Dark Age
Ending age
Imperial Age
RankedLock teamsTeams togetherTeam positionsShared explorationLock speedFull tech treeHidden civsTurbo modeCheats
Victory
Defeat
🇨🇳 Mapuche · China
1091
+14
🇪🇸 Saxons · Spain
1048
-14
Arve
6:51 Feudal Age
7:22 Double-Bit Axe
7:39 Horse Collar
8:43 Gold Mining
14:01 Castle Age
12:51 Fletching
14:07 Forging
13:49 Man-at-Arms
15:05 Bow Saw
14:57 Heavy Plow
15:05 Crossbowman
16:52 Loom
17:09 Gambesons
17:27 Squires
19:34 Wheelbarrow
26:30 Imperial Age
24:18 Hand Cart
23:57 Clerical Recruitment
25:15 Long Swordsman
26:58 Ballistics
27:51 Gold Shaft Mining
28:20 Conscription
28:27 Scale Mail Armor
29:02 Iron Casting
28:48 Block Printing
28:54 Sanctity
28:46 Redemption
28:28 Elite Varangian Guard
29:37 Arbalester
32:12 Two-Man Saw
32:12 Illumination
31:54 Atonement
31:48 Stone Mining
32:00 Bodkin Arrow
32:21 Chain Mail Armor
34:01 Chemistry
33:36 Arson
35:06 Crop Rotation
37:05 Theocracy
36:09 Shield Wall
36:58 Thumb Ring
36:33 Elite Hearth Troop
38:42 Plate Mail Armor
38:13 Bracer
38:13 Padded Archer Armor
39:04 Pikeman
41:41 Leather Archer Armor
41:23 Elite Skirmisher
44:18 Long Swordsman
49:09 Halberdier
50:46 Ring Archer Armor
Noobieski
3:15 Loom
7:03 Feudal Age
7:59 Double-Bit Axe
7:57 Horse Collar
12:54 Castle Age
12:40 Gold Mining
14:48 Wheelbarrow
14:39 Bow Saw
15:14 Heavy Plow
20:17 Champi Runner
23:57 Elite Skirmisher
24:07 Pikeman
25:02 Town Watch
25:57 Stone Mining
26:44 Gold Shaft Mining
26:48 Hand Cart
30:50 Imperial Age
30:13 Fletching
30:34 Forging
30:24 Scale Mail Armor
29:46 Champi Warrior
33:10 Elite Champi Warrior
34:07 Chain Mail Armor
34:27 Iron Casting
35:03 Conscription
34:49 Malon
34:52 Padded Archer Armor
34:47 Bodkin Arrow
38:32 Devotion
39:41 Crop Rotation
39:48 Ballistics
41:25 Stone Shaft Mining
41:21 Leather Archer Armor
43:00 Blast Furnace
42:30 Plate Mail Armor
42:27 Arson
51:09 Chemistry
50:20 Masonry
50:15 Siege Engineers
49:51 Treadmill Crane
53:14 Ring Archer Armor
56:55 Architecture
56:11 Arrowslits
Connection lost

Rejoining the realm…

Still unreachable

The connection could not be restored.

Session expired

The server has moved on; the page needs a fresh start.